General information
			
			
        
        - name: grudge03
 
        - type: Custom game
 
        - host: FINeX
 
        - saver: FINeX
 
        
map: LostTemple 
        - players: 6
 
        - length: 18:06
 
        - speed: Fast
 - version: 1.21 W3XP
 - replay type:  Public
 
» download(54 KB)
Players
        team 1 (winner) 
              
              
HERNaNDO (
pink | 57 APM | 1023 actions | 18:04)
              
 6 Death Knight 
 3 Death Coil
 2 Unholy Aura
 1 Animate Dead
 
                » actions 
                
                | Assign group hotkey | 10 |  | 
| Basic commands | 28 |  | 
| Build / train | 55 |  | 
| Enter build submenu | 16 |  | 
| Enter hero's abilities submenu | 6 |  | 
| Give item / drop item | 1 |  | 
| Remove unit from queue | 2 |  | 
| Right click | 406 |  | 
| Select / deselect | 289 |  | 
| Select group hotkey | 156 |  | 
| Use ability | 53 |  | 
                1023 total
 » units 
                
                | Acolyte | 7 |  | 
| Ghoul | 14 |  | 
| Meatwagon | 2 |  | 
| Obsidian Statue | 2 |  | 
| Necromancer | 4 |  | 
| Banshee | 1 |  | 
                30 total
 » upgrades
                
                | Cannibalize | 1 |  | 
| Backpack | 1 |  | 
| Necromancer Training | 2 |  | 
| Skeletal Longevity | 1 |  | 
| Exhume Corpses | 1 |  | 
| Banshee Training | 1 |  | 
| Skeletal Mastery | 1 |  | 
| Disease Cloud | 1 |  | 
                9 total
 » buildings
                
                | Altar of Darkness | 1 |  | 
| Ziggurat | 6 |  | 
| Crypt | 1 |  | 
| Nerubian Tower | 2 |  | 
| Tomb of Relics | 1 |  | 
| Halls of the Dead | 1 |  | 
| Graveyard | 1 |  | 
| Slaughterhouse | 1 |  | 
| Temple of the Damned | 1 |  | 
| Spirit Tower | 2 |  | 
| Sacrificial Pit | 1 |  | 
| Black Citadel | 1 |  | 
                19 total
 » build order
                00:13 Altar of Darkness
00:15 Ziggurat
00:32 Crypt
01:09 Ziggurat
01:12 Nerubian Tower
01:36 Tomb of Relics
02:27 Nerubian Tower
03:09 Halls of the Dead
03:47 Graveyard
04:53 Ziggurat
04:55 Ziggurat
05:38 Slaughterhouse
05:41 Temple of the Damned
06:12 Spirit Tower
06:13 Spirit Tower
11:37 Ziggurat
11:38 Ziggurat
13:44 Sacrificial Pit
14:25 Black Citadel
» items
                 
               team 2 (loser) 
              
              
3DGAYWORLD (
red | 62 APM | 1112 actions | 18:03)
              
 3 Shadow Hunter 
 2 Healing Wave
 1 Serpent Ward
 
                » actions 
                
                | Basic commands | 63 |  | 
| Build / train | 57 |  | 
| Enter build submenu | 20 |  | 
| Enter hero's abilities submenu | 3 |  | 
| Remove unit from queue | 2 |  | 
| Right click | 505 |  | 
| Select / deselect | 394 |  | 
| Use ability | 68 |  | 
                1112 total
 » units 
                
                | Peon | 11 |  | 
| Grunt | 2 |  | 
| Troll Headhunter/Berserker | 9 |  | 
| Demolisher | 1 |  | 
| Raider | 6 |  | 
| Troll Batrider | 1 |  | 
                30 total
 » upgrades
                
                | Ranged Weapons | 1 |  | 
| Troll Regeneration | 1 |  | 
| Armor | 1 |  | 
| Pillage | 1 |  | 
| Melee Weapons | 1 |  | 
| Burning Oil | 1 |  | 
| Ensnare | 1 |  | 
                7 total
 » buildings
                
                | Altar of Storms | 1 |  | 
| Orc Burrow | 5 |  | 
| Barracks | 1 |  | 
| War Mill | 1 |  | 
| Voodoo Lounge | 1 |  | 
| Watch Tower | 3 |  | 
| Stronghold | 2 |  | 
| Great Hall | 1 |  | 
| Fortress | 2 |  | 
| Beastiary | 2 |  | 
| Spirit Lodge | 1 |  | 
                20 total
 » build order
                00:06 Altar of Storms
00:09 Orc Burrow
00:55 Barracks
01:20 War Mill
01:43 Orc Burrow
02:02 Voodoo Lounge
03:17 Watch Tower
05:34 Stronghold
05:55 Orc Burrow
07:11 Great Hall
08:38 Fortress
08:38 Fortress
10:35 Orc Burrow
10:39 Orc Burrow
10:59 Beastiary
12:07 Beastiary
13:28 Spirit Lodge
16:06 Watch Tower
17:08 Watch Tower
» items
                
                | Lesser Clarity Potion | 4 |  | 
| Healing Salve | 4 |  | 
| Scroll of Speed | 1 |  | 
                9 total
  
               refereesFINeX, 
Mr.Wookums, 
W00TaH.COM, 
VELOX_NEB Chat log
          (00:00) 3DGAYWORLD: ggotnigger
(00:05 / All) HERNaNDO: gl hf m8
(00:07 / Referees) FINeX: This replay brought 2 u by clan TwT.
(00:11 / All) 3DGAYWORLD: u2
(00:16 / All) VELOX_NEB: bahhaahaha battle of the noobs
(00:21 / All) VELOX_NEB: noobwar imo
(00:21 / All) HERNaNDO: pls dont be rude
(00:31 / All) FINeX: manner please velox_neb
(00:50 / All) 3DGAYWORLD: talk how you wud if you mother was around
(00:56 / All) HERNaNDO: lol
(01:49 / Referees) FINeX: tower rush
(01:54 / All) 3DGAYWORLD: lets all drink tot eh death of a clown
(02:02 / All) HERNaNDO: that nigga just want 2 entertain
(02:03 / All) 3DGAYWORLD: lalalalalala
(02:09 / All) 3DGAYWORLD: SHUT UP
(02:12 / All) 3DGAYWORLD: U RUINING THE SONG
(02:13 / All) HERNaNDO: ...
(02:28 / All) 3DGAYWORLD: srry
(02:32 / All) 3DGAYWORLD: I just rly like that song
(02:53 / Referees) FINeX: VELOX_NEB: hairess
(02:59 / All) HERNaNDO: welp
(03:07 / All) 3DGAYWORLD: welp
(03:37 / All) 3DGAYWORLD: manner game pl
(03:39 / All) 3DGAYWORLD: p0zl
(08:33 / All) 3DGAYWORLD: ffff
(08:36 / All) 3DGAYWORLD: U bastarg
(08:40 / All) HERNaNDO: lmao
(09:49 / All) 3DGAYWORLD: wwo nice hacks
(09:50 / All) 3DGAYWORLD: lmao
(09:53 / All) FINeX: no t2 ftw!!!!
(09:54 / All) HERNaNDO: lol goldhacked.
(10:36 / All) 3DGAYWORLD: :(
(10:40 / All) HERNaNDO: damn u meat wagon!!
(10:50 / All) HERNaNDO: bro honestly no one makes headhunters
(11:02 / All) 3DGAYWORLD: wat shoul i make?
(11:08 / All) HERNaNDO: well raiders own imo
(11:15 / All) 3DGAYWORLD: ya 
(11:16 / All) HERNaNDO: net niggaz left and right
(11:23 / All) 3DGAYWORLD: glock glock
(12:12 / All) 3DGAYWORLD: Hey
(12:15 / All) 3DGAYWORLD: hernandy
(12:15 / All) HERNaNDO: ??
(12:18 / All) 3DGAYWORLD: do you like the ventures
(12:22 / All) HERNaNDO: dunno em
(12:22 / All) 3DGAYWORLD: or the sonics
(12:27 / All) HERNaNDO: sonics are p. cool
(12:32 / All) Mr.Wookums: making food, don't do anything for a few
(12:35 / All) Mr.Wookums: not like you are
(12:38 / All) 3DGAYWORLD: :)
(12:43 / All) HERNaNDO: thats not nice
(12:46 / All) 3DGAYWORLD: lol he owned us
(13:56 / All) HERNaNDO: u know amon duul 2
(14:00 / All) 3DGAYWORLD: no
(14:03 / All) HERNaNDO: my fav farkin band
(15:17 / All) 3DGAYWORLD: f man
(15:19 / All) 3DGAYWORLD: this game is over
(15:24 / All) HERNaNDO: i got animated dead what a gay skill
(15:28 / All) VELOX_NEB: so leave
(15:32 / All) VELOX_NEB: it's getting boring
(15:34 / All) 3DGAYWORLD: no velox
(15:35 / All) FINeX: u know what else is gay disenchant
(15:38 / All) 3DGAYWORLD: i'm not stupid and gay like you
(15:42 / All) HERNaNDO: that guy is rude as f*ck
(15:50 / All) W00TaH.COM: 6 peons on his expo, pro
(15:56 / All) 3DGAYWORLD: holy siht
(15:56 / All) HERNaNDO: EXPO?
(15:58 / All) 3DGAYWORLD: u revvie
(16:02 / All) HERNaNDO: lol kewl
(16:04 / All) HERNaNDO: too badf they cant net
(16:15 / All) 3DGAYWORLD: I KILL U HERO
(16:24 / All) HERNaNDO: t_t
(16:47 / All) 3DGAYWORLD: PEON SPORK DOOM ATTACK LOL
(16:55 / All) HERNaNDO: THOSE GUYS ARE RANDOM
(17:00 / All) 3DGAYWORLD: lol ya
(17:06 / All) W00TaH.COM: fucking leave
(17:15 / All) 3DGAYWORLD: NO
(17:16 / All) 3DGAYWORLD: FUCK YOU
(17:19 / All) 3DGAYWORLD: U GET MANNERS
(17:25 / All) W00TaH.COM: you get manners and leave
(17:26 / All) 3DGAYWORLD: U MANNER IS LACKING
(17:28 / All) VELOX_NEB: you need the manner bud
(17:33 / All) VELOX_NEB: when you lose
(17:35 / All) VELOX_NEB: say gg
(17:36 / All) FINeX: manner up faggot
(17:36 / All) 3DGAYWORLD: MANNER UP
(17:37 / All) VELOX_NEB: and leave
(17:38 / All) HERNaNDO: i forgot disease cloud
(17:41 / All) VELOX_NEB: simple manner
(17:48 / All) HERNaNDO: disease cloud is sick
(17:50 / All) 3DGAYWORLD: I STLL HAVE EPO
(17:51 / All) FINeX: 3dgay world BANNED FROM PLAYING WITH "HOES" UNTIL HE GETS GOOD MANNER G G
(17:54 / All) W00TaH.COM: first lesson of manner is to not play hide the farm or whatever it is you're clinging to